 Dungeon Crawl Stone Soup version 0.30.1-11-g7821555f0a (webtiles) character file.

Game seed: 15016024253828791078

405 HoneyBeePlush the Chopper (level 6, -1/61 HPs)
             Began as a Troll Berserker on Dec 24, 2023.
             Was a Believer of Trog.
             Engulfed by a cloud of poison gas (4 damage)
             ... on level 4 of the Dungeon.
             The game lasted 00:18:22 (2743 turns).

HoneyBeePlush the Chopper (Troll Berserker)         Turns: 2743, Time: 00:18:29

Health: -1/61      AC:  4    Str: 28    XL:     6   Next: 56%
Magic:  5/5        EV: 10    Int:  3    God:    Trog [**....]
Gold:   254        SH:  5    Dex:  9    Spells: 5/5 levels left

rFire   . . .        a - +0 hand axe (drain)
rCold   . . .        (no shield)
rNeg    . . .        e - +0 robe
rPois   .            (helmet restricted)
rElec   .            (no cloak)
rCorr   .            (gloves unavailable)
SInv    .            (boots unavailable)
Will    .....        l - amulet of reflection
Stlth   +            (no ring)
HPRegen 1.10/turn    (no ring)
MPRegen 0.09/turn

%: reflection
@: lethally poisoned (-1 -> -48)
A: large, unfitting armour, claws 3, regeneration 1, shaggy fur 1, tough skin 1
a: Renounce Religion, Berserk, Trog's Hand


You were on level 4 of the Dungeon.
You worshipped Trog.
Trog was pleased with you.
You visited 1 branch of the dungeon, and saw 4 of its levels.

You collected 254 gold pieces.

Inventory:

Hand Weapons
 a - a +0 hand axe of draining (weapon)
 t - a +0 giant club
Armour
 b - a +0 animal skin
 d - a +0 leather armour
 e - a +0 robe (worn)
 h - a +0 helmet
 m - a +2 pair of gloves
Jewellery
 l - an amulet of reflection (around neck)
 q - an amulet of regeneration
Wands
 p - a wand of charming (9)
Scrolls
 i - 5 scrolls of teleportation
 k - 2 scrolls of identify
 r - a scroll of vulnerability
 s - a scroll of poison
Potions
 c - 2 potions of curing {unknown}
 f - a potion of haste
 g - 3 potions of magic {unknown}
 j - a potion of ambrosia {unknown}
 n - a potion of invisibility {unknown}


   Skills:
 + Level 3.3 Fighting
 + Level 4.2 Axes
 + Level 4.0 Dodging
 * Level 0.6 Stealth
 + Level 1.3 Shields


You had 5 spell levels left.
You didn't know any spells.
Your spell library was empty.

Dungeon Overview and Level Annotations

Branches:
Dungeon (4/15)
 Temple: D:4-7

Altars:
Qazlal


Innate Abilities, Weirdness & Mutations

You are too large for most types of armour.
You have claws for hands.
Your natural rate of healing is unusually fast.
You are covered in fur. (AC +1)
You have tough skin. (AC +1)


Message History

s - 2 scrolls labelled VEIREI HUUN (gained 1)
As you read the scroll labelled MOMUNY ATSE, it crumbles to dust.
You assume a fearsome visage.
Nothing appears to happen.
It was a scroll of fear.
The air fills with toxic fumes!
As you read the scroll labelled VEIREI HUUN, it crumbles to dust.
It was a scroll of poison.
Sorry, I don't know how to get there.
Really walk into that cloud of poison gas? [Y]es or [N]o only, please.
Really walk into that cloud of poison gas?
Uppercase [Y]es or [N]o only, please.
Really walk into that cloud of poison gas?
You are engulfed in poison gas.
You are poisoned.
You feel very sick.
You are engulfed in poison gas.
You are more poisoned.
Keep disrobing? [Y]es or [N]o only, please.
Keep disrobing?
You feel very sick.
You start removing your amulet.
You continue taking off your amulet of reflection.
You are engulfed in poison gas.
You are more poisoned.
You feel extremely sick.
You continue taking off your amulet of reflection.
You are engulfed in poison gas.
You are lethally poisoned!
* * * LOW HITPOINT WARNING * * *
You feel extremely sick.
You continue taking off your amulet of reflection.
You are engulfed in poison gas.
You are more poisoned.
* * * LOW HITPOINT WARNING * * *
x2 You feel extremely sick.
You continue taking off your amulet of reflection.
You are engulfed in poison gas.
You are more poisoned.
You die...

######## #§§§§☼§#
#§§§§§§# #§§§§§§# #
#§§§§§§# ### #§☼§.§§#
..# #§§§@§§# #### ..#
#§§§§§§###########..#
..#
#☼§§§§§#..(.....##..#
#.#
####☼§☼#........##...
#.###
#§#☼#........##.##
#...#
#☼#☼#........##...
###.####
#☼§#§§......<.##...
#....###
##..###.........##...
######...###...#
#.........##...


There were no monsters in sight!

Vanquished Creatures
  A black bear (D:4)
  An ogre (D:4)
  2 iguanas (D:4)
  An orc wizard (D:4)
  3 gnolls (D:3)
  5 adders (D:4)
  A worm (D:2)
  3 dart slugs
  7 orcs
  2 bats
  8 endoplasms
  2 giant cockroaches (D:1)
  7 goblins
  3 hobgoblins
  5 jackals
  3 quokkas
  8 ball pythons
  A frilled lizard (D:1)
  5 kobolds
  3 rats
71 creatures vanquished.

Notes
Turn   | Place    | Note
-------+----------+-------------------------------------------
     0 | D:1      | HoneyBeePlush the Troll Berserker began the quest for the
                  | Orb.
     0 | D:1      | Reached XP level 1. HP: 22/22 MP: 0/0
   192 | D:1      | Reached XP level 2. HP: 29/29 MP: 1/1
   941 | D:2      | Reached XP level 3. HP: 36/36 MP: 2/2
  1093 | D:2      | Reached ** piety under Trog
  1152 | D:2      | Found a faded altar of an unknown god.
  2008 | D:3      | Reached XP level 4. HP: 44/44 MP: 3/3
  2115 | D:3      | Found a faded altar of an unknown god.
  2118 | D:3      | Found a stormy altar of Qazlal.
  2281 | D:4      | Reached XP level 5. HP: 20/53 MP: 4/4
  2395 | D:4      | Noticed a black bear
  2404 | D:4      | Killed a black bear
  2405 | D:4      | Reached skill level 1 in Shields
  2405 | D:4      | Reached XP level 6. HP: 44/61 MP: 5/5
  2742 | D:4      | HP: 3/61 [poisoned by you (poison gas)]
  2743 | D:4      | Engulfed by a cloud of poison gas

Illustrated notes

Levels and vault maps discovered:
D:1:      beargit_arrival_diablo_church, layout_loops_ring,
          nicolae_kite_square_tiling_tiny
D:2:      layout_loops_ring, ebering_ecumenical_altar_rust
D:3:      layout_rooms, nicolae_overflow_ecumenical_swirl, serial_glass,
          glass_columns_a, glass_columns_a, grunt_decor_resistance
D:4:      layout_rooms, amethyst_killhole, nicolae_half_adder

Skill      XL: |  1  2  3  4  5  6 |
---------------+-------------------+-----
Dodging        | 3 4 |  4.0
Axes           | 3 4 |  4.2
Fighting       | 3 |  3.3
Shields        | 1 |  1.3
Stealth        | |  0.6

Action                     |  1- 3 |  4- 6 || total
---------------------------+-------+-------++-------
  Melee: Hand axe          |   125 |    85 ||   210
         Punch             |     1 |       ||     1
    Use: Scroll            |     6 |     2 ||     8
 Armour: Robe              |    49 |    28 ||    77
         Animal skin       |     2 |       ||     2
  Dodge: Dodged            |    58 |    55 ||   113
  Block: Other             |     1 |    29 ||    30
